 Dungeon Crawl Stone Soup version 0.31-a0-965-g8a8ce12e04 (webtiles) character file.

Game seed: 16886048745855793878

889 KennyOmg the Cleaver (level 7, 0/96 HPs)
             Began as a Minotaur Berserker on Oct 26, 2023.
             Was an Elder of Trog.
             Slain by a killer bee (6 damage)
             ... on level 5 of the Dungeon.
             The game lasted 00:09:13 (4306 turns).

KennyOmg the Cleaver (Minotaur Berserker)           Turns: 4306, Time: 00:09:14

Health: 0/96       AC:  9    Str: 24    XL:     7   Next: 77%
Magic:  6/6        EV: 10    Int:  4    God:    Trog [****..]
Gold:   202        SH:  0    Dex:  9    Spells: 6/6 levels left

rFire   . . .        a - +0 war axe
rCold   . . .        (no shield)
rNeg    . . .        q - +0 scale mail {Will+}
rPois   .            (helmet restricted)
rElec   .            r - scarf {shadows}
rCorr   .            z - +1 pair of gloves
SInv    .            (no boots)
Will    +....        (no amulet) Stlth
                     (no ring)
HPRegen 0.36/turn    (no ring)
MPRegen 0.10/turn

%: no passive effects
@: berserking (expiring), lethally poisoned (0 -> -13), very quick
A: horns 2, retaliatory headbutt
a: Renounce Religion, Berserk, Trog's Hand, Brothers in Arms


You were on level 5 of the Dungeon.
You worshipped Trog.
Trog was greatly pleased with you.
You visited 1 branch of the dungeon, and saw 5 of its levels.
You also visited: Ossuary.

You collected 202 gold pieces.

Inventory:

Hand Weapons
 a - a +0 war axe (weapon)
   (You found it on level 2 of the Dungeon)
Missiles
 i - 9 poisoned darts (quivered)
Armour
 q - a +0 scale mail of willpower (worn)
   (You took it off an orc on level 2 of the Dungeon)
 r - a scarf of shadows (worn)
   (You found it on level 3 of the Dungeon)
 z - a +1 pair of gloves (worn)
   (You found it on level 4 of the Dungeon)
 A - a +0 pair of boots
   (You found it on level 5 of the Dungeon)
Scrolls
 c - a scroll of silence {unknown}
 d - a scroll of enchant armour {unknown}
 g - 2 scrolls of fog {unknown}
 h - a scroll of summoning {unknown}
 j - 5 scrolls of identify {unknown}
 n - a scroll of amnesia {unknown}
 t - a scroll of revelation {unknown}
 v - a scroll of vulnerability {unknown}
 w - a scroll of fear {unknown}
 x - a scroll of noise {unknown}
 y - a scroll of immolation {unknown}
Potions
 b - 5 potions of heal wounds {unknown}
 e - 2 potions of might {unknown}
 f - a potion of enlightenment {unknown}
 k - a potion of attraction {unknown}
 l - 2 potions of haste {unknown}
 m - a potion of invisibility {unknown}
 o - a potion of magic {unknown}
 p - 2 potions of curing {@q1}
 s - 2 potions of lignification {unknown}
 u - 3 potions of resistance {unknown}


   Skills:
 + Level 6.3 Fighting
 * Level 8.4 Axes
 + Level 5.8 Armour
 - Level 2.1 Dodging


You had 6 spell levels left.
You didn't know any spells.
Your spell library was empty.

Dungeon Overview and Level Annotations

Branches:
Dungeon (5/15)            Ossuary (visited)
 Temple: D:4-7

Altars:
Xom

Shops:
D:1 [


Innate Abilities, Weirdness & Mutations

You have a pair of horns on your head.
You reflexively headbutt those who attack you in melee.


Message History

You are poisoned.
The killer bee poisons you! The killer bee stings you.
* * * LOW HITPOINT WARNING * * *
You are more poisoned.
The killer bee poisons you!
The killer bee stings you but does no damage.
The killer bee barely misses you. The killer bee stings you.
* * * LOW HITPOINT WARNING * * *
You closely miss the killer bee. You slash the killer bee!
You miss the killer bee. You closely miss the killer bee.
You feel very sick.
The killer bee stings you but does no damage.
The killer bee barely misses you. The killer bee closely misses you.
The killer bee stings you.
* * * LOW HITPOINT WARNING * * *
You are more poisoned.
The killer bee poisons you!
Unknown command.
Okay, then.
You are too berserk!
You hit the killer bee. Your headbutt misses the killer bee.
You barely miss the killer bee. x2; You slash the killer bee!
You kill the killer bee!
Trog accepts your kill.
* * * LOW HITPOINT WARNING * * *
You feel very sick. The killer bee stings you.
* * * LOW HITPOINT WARNING * * *
The killer bee stings you but does no damage. x5
You miss the killer bee. You closely miss the adder. You miss the killer bee.
You hit the killer bee.
* * * LOW HITPOINT WARNING * * *
You feel very sick.
The killer bee stings you but does no damage.
The killer bee barely misses you. You furiously retaliate!
You headbutt the killer bee!!
You kill the killer bee!
Trog accepts your kill. The killer bee stings you!
* * * LOW HITPOINT WARNING * * *
The adder bites you but does no damage.
You closely miss the killer bee. Your headbutt misses the killer bee.
You slash the adder!
You kill the adder!
Trog accepts your kill.
You barely miss the killer bee.
* * * LOW HITPOINT WARNING * * *
You feel very sick. The killer bee stings you.
You die...

.. .##. #.... ..#
##..## ##...#
.##.##....#####....#
..^...............#
#................#
.#...†y...........#
......@...........##
....#.y............##
#.
#?..#####..:....###
##### ####......#
##...... ##......
#...[... #...†...
#........


You could see 2 killer bees.

Vanquished Creatures
  4 scorpions
  A jelly (D:4)
  4 killer bees (D:5)
  Jessica (D:3)
  12 mummies (Ossuary)
  8 gnolls
  8 adders
  5 worms
  4 dart slugs
  5 orcs
  9 ball pythons
  5 endoplasms
  3 giant cockroaches (D:2)
  7 goblins
  8 hobgoblins
  3 jackals (D:4)
  4 kobolds
  3 quokkas
  6 bats
  3 frilled lizards
  A gnoll skeleton (Ossuary)
  3 goblin skeletons (Ossuary)
  4 orc skeletons (Ossuary)
  5 rats
  11 rat skeletons (Ossuary)
127 creatures vanquished.

Notes
Turn   | Place    | Note
-------+----------+-------------------------------------------
     0 | D:1      | KennyOmg the Minotaur Berserker began the quest for the
                  | Orb.
     0 | D:1      | Reached XP level 1. HP: 19/19 MP: 0/0
   131 | D:1      | Reached skill level 4 in Axes
   133 | D:1      | Reached XP level 2. HP: 27/27 MP: 1/1
   378 | D:1      | Found a faded altar of an unknown god.
   460 | D:1      | Reached ** piety under Trog
   480 | D:1      | Found Demeqaf's Antique Armour Emporium.
   582 | D:2      | Reached XP level 3. HP: 30/33 MP: 2/2
  1225 | D:2      | Reached XP level 4. HP: 40/40 MP: 3/3
  1227 | D:2      | Reached skill level 5 in Axes
  1902 | D:3      | Noticed Jessica
  1908 | D:3      | Killed Jessica
  1909 | D:3      | Reached XP level 5. HP: 9/47 MP: 4/4
  2404 | D:3      | Found a shimmering altar of Xom.
  2412 | D:3      | Found a shimmering altar of Xom.
  2413 | D:3      | Found a shimmering altar of Xom.
  2482 | D:4      | Reached skill level 6 in Axes
  2511 | D:4      | Reached *** piety under Trog
  2545 | D:4      | Reached skill level 5 in Fighting
  2929 | D:4      | Found a sand-covered staircase.
  2938 | Ossuary  | Entered an ossuary
  3008 | Ossuary  | Reached XP level 6. HP: 29/56 MP: 5/5
  3678 | D:4      | Reached skill level 7 in Axes
  3678 | D:4      | Reached **** piety under Trog
  3724 | D:4      | Reached skill level 5 in Armour
  3724 | D:4      | Reached XP level 7. HP: 49/62 MP: 6/6
  4244 | D:5      | Entered Level 5 of the Dungeon
  4299 | D:5      | Reached skill level 8 in Axes
  4306 | D:5      | Slain by a killer bee

Illustrated notes

Levels and vault maps discovered:
D:1:      sevenhm_arrival_forest_fort_small_3, layout_rooms,
          shapermc_ecumenical_altar_rom_forum, serial_shops,
          nicolae_shop_waterfront, minmay_tromino_mix6
D:2:      layout_loops_cross, guppyfry_early_orc_mine
D:3:      layout_basic, xom_redecorated, uniq_jessica
D:4:      layout_gridville, lightli_ossuary_entry_decrepit_ruins
D:5:      layout_layer_cave, minmay_temple_entry_purple_smoke, serial_shops,
          shop

Skill      XL: |  1  2  3  4  5  6  7 |
---------------+----------------------+-----
Axes           | 4 5 6 7 8 |  8.4
Fighting       | 4 5 6 |  6.3
Armour         | 3 4 5 |  5.8
Dodging        | |  2.1

Action                     |  1- 3 |  4- 6 |  7- 9 || total
---------------------------+-------+-------+-------++-------
  Melee: Hand axe          |    85 |       |       ||    85
         Headbutt          |    14 |    33 |     1 ||    48
         War axe           |     8 |   164 |    25 ||   197
         Punch             |       |       |     1 ||     1
 Invoke: Berserk           |     1 |     2 |     1 ||     4
         Trog's Hand       |       |     1 |       ||     1
    Use: Potion            |       |     2 |       ||     2
 Armour: Animal skin       |    30 |       |       ||    30
         Scale mail        |    19 |   121 |    40 ||   180
  Dodge: Dodged            |    52 |    76 |    23 ||   151

Table legend: (Time is in decaauts)
 A = Elapsed time spent in this place.
 B = Non-inter-level travel time spent in this place.
 C = Inter-level travel time spent in this place.
 D = Time resting spent in this place.
 E = Time spent auto-exploring this place.
 F = Levels seen in this place.
 G = Mean time per level.
                   A        B        C        D        E       F      G
               +--------+--------+--------+--------+--------+-----+--------+
         Total |   4386 |   4150 |    236 |    849 |   2288 |   6 |  731.0 |
       Dungeon |   3644 |   3408 |    236 |    642 |   1930 |   5 |  728.8 |
       Ossuary |    741 |    741 |      0 |    207 |    358 |   1 |  741.0 |
               +--------+--------+--------+--------+--------+-----+--------+

Top non-repeatable levels by time:
     D:2: 1116 daAuts
     D:4: 1070 daAuts
     D:3: 807 daAuts
 Ossuary: 741 daAuts
     D:1: 588 daAuts
     D:5: 61 daAuts
